 Dungeon Crawl Stone Soup version 0.30.0-5-g1a98f26d00 (webtiles) character file.

Game seed: 2195118433557379567

3 monsoonserge the Magician (level 1, 0/8 (14) HPs)
             Began as a Meteoran Hedge Wizard on May 11, 2023.
             Was a Follower of Kikubaaqudgha.
             Slain by a rat (1 damage)
             ... on level 1 of the Dungeon.
             The game lasted 00:03:30 (112 turns).

monsoonserge the Magician (Meteoran Hedge Wizard)    Turns: 112, Time: 00:03:32

HP:   0/8 (14)      AC:  2    Str: 11    XL:     1   Next: 71%
MP:   1/6           EV: 12    Int: 15    God:    Kikubaaqudgha [*.....]
Gold: 21            SH:  0    Dex: 13    Spells: 6/8 levels left

rFire   . . .        f - +0 whip
rCold   . . .        (no shield)
rNeg    . . .        b - +0 robe
rPois   .            c - +0 hat
rElec   .            (no cloak)
rCorr   .            (no gloves)
SInv    .            (no boots)
Will    .....        (no amulet)
Stlth   +            (no ring)
HPRegen 0.21/turn    (no ring)
MPRegen 0.10/turn

%: no passive effects
@: glowing, very heavily drained
A: sense surroundings 1, otherworldly, glowing, explore regen
a: Renounce Religion, Unearth Wretches


You were on level 1 of the Dungeon.
You worshipped Kikubaaqudgha.
Kikubaaqudgha was aware of your devotion.
You visited 1 branch of the dungeon, and saw 1 of its levels.

You collected 21 gold pieces.

Inventory:

Hand Weapons
 a - a +0 dagger
 f - a +0 whip (weapon)
Missiles
 g - 4 boomerangs (quivered)
Armour
 b - a +0 robe (worn)
 c - a +0 hat (worn)
Scrolls
 h - a scroll of identify {unknown}
Potions
 d - a potion of magic
 e - a potion of mutation {unknown}


   Skills:
 + Level 2.7 Dodging
 + Level 1.4 Stealth
 - Level 4.0 Spellcasting
 + Level 1.2 Conjurations
 + Level 1.2 Summonings
 * Level 0.4 Necromancy
 + Level 1.2 Translocations


You had 6 spell levels left.
You knew the following spells:

 Your Spells              Type           Power      Damage    Failure   Level
a - Magic Dart            Conj           24%        1d4       11%         1
b - Kiss of Death         Conj/Necr      20%        2d7       13%         1

Your spell library contained the following spells:

 Spells                   Type           Power      Damage    Failure   Level
 Necrotise                Necr           16%        1d4       16%         1
 Blink                    Tloc           12%        N/A       17%         2
 Call Imp                 Summ           12%        N/A       17%         2
 Slow                     Hex            12%        N/A       19%         1
 Cigotuvi's Dreadful Rot  Necr/Pois/Air  6%         N/A       26%         2
 Mephitic Cloud           Conj/Pois/Air  4%         N/A       43%         3
 Animate Dead             Necr           4%         N/A       83%         4


Dungeon Overview and Level Annotations

Branches:
Dungeon (1/15) Zot: 485

Altars:
Kikubaaqudgha


Innate Abilities, Weirdness & Mutations

You passively map a small area around you.
You are easily found by Zot.
You glow in the dark.
You regain HP and MP as you explore.


Message History

The rat bites you. The jackal bites you.
* * * LOW HITPOINT WARNING * * *
Casting: Magic Dart (safe; 11% risk of failure)
Confirm with . or Enter, or press ? or * to list all spells.
Aiming: Magic Dart (safe; 11% risk of failure)
Press: ? - help, Shift-Dir - straight line, f/p - jackal
Aim: a jackal (moderately wounded, 100% to hit)
Okay, then.
Casting: Magic Dart (safe; 11% risk of failure)
Confirm with . or Enter, or press ? or * to list all spells.
Aiming: Kiss of Death (safe; 13% risk of failure)
Press: ? - help, Shift-Dir - straight line, f - rat, p - jackal
Aim: a rat (100% to hit)
Okay, then.
Unknown command.
Press: ? - help, v - describe, . - travel, g - get item
Here: a rat Item here: a jackal corpse.
The floor.
Press: ? - help, v - describe, . - travel
Here: a jackal (moderately wounded)
The floor, spattered with blood.
Press: ? - help, v - describe, . - travel
Here: a jackal (moderately wounded)
The floor, spattered with blood.
Press: ? - help, v - describe, . - travel, g - get item
Here: a rat Item here: a jackal corpse.
The floor.
Casting: Kiss of Death (safe; 13% risk of failure)
Confirm with . or Enter, or press ? or * to list all spells.
Aiming: Kiss of Death (safe; 13% risk of failure)
Press: ? - help, Shift-Dir - straight line, f/p - jackal
Aim: a jackal (moderately wounded, 100% to hit)
The negative energy hits the jackal.
The jackal is drained!
You kill the jackal!
Kikubaaqudgha accepts your kill.
You feel drained. The rat bites you.
You die...
Kikubaaqudgha rasps: "You have failed me!
Welcome... death!"

#####.####.###...##
#.................#
#.###.#..#.###...#######
#.###......##...........
####.##.....###.....#######
#..h.....#.## ##...##
#.##†##..#.# ##.##
#.##.##..#.# #.#
#.##.....r@# #.# ###
#h###....### *#+ ####.. #.#
#.##.# * . , ##.....
#h#*#.##.## #,.....#..~~~.
#r.,........ .,........~_~.
#####....#####+#####...~~~.
...#PPP#.#PPP#.......
...#P⌠P#.#P⌠P#..####.
..#PPP#.#PPP#.. ##


You could see a rat.

Vanquished Creatures
  3 jackals (D:1)
  A frilled lizard (D:1)
4 creatures vanquished.

Notes
Turn   | Place    | Note
-------+----------+-------------------------------------------
     0 | D:1      | monsoonserge the Meteoran Hedge Wizard began the quest for
                  | the Orb.
     0 | D:1      | Reached XP level 1. HP: 14/14 MP: 6/6
    34 | D:1      | Found a faded altar of an unknown god.
    43 | D:1      | Prayed at the altar of an unknown god.
    43 | D:1      | Became a worshipper of Kikubaaqudgha
    43 | D:1      | Reached * piety under Kikubaaqudgha
    43 | D:1      | Received a gift from Kikubaaqudgha
    50 | D:1      | Learned a level 1 spell: Kiss of Death
   112 | D:1      | Slain by a rat

Illustrated notes

Levels and vault maps discovered:
D:1:      beargit_arrival_greenhouse, layout_loops_corners,
          hellmonk_ecumenical_altar_pennies_from_heaven

Action                     || total
---------------------------++-------
  Melee: Whip              ||     6
   Cast: Magic Dart        ||     6
         Kiss of Death     ||     2
 Armour: Robe              ||     3
  Dodge: Dodged            ||    10
